 Dungeon Crawl Stone Soup version 0.30-a0-756-gc2185399d4 (webtiles) character file.

Game seed: 10980012064166121198

133 Crownlay the Firebug (level 5, -1/38 HPs)
             Began as a Hill Orc Fire Elementalist on Feb 9, 2023.
             Was an Initiate of Ashenzari.
             Killed by divine providence
             ... invoked by an orc priest
              (14 damage)
             ... on level 3 of the Dungeon.
             The game lasted 00:06:04 (3959 turns).

Crownlay the Firebug (Hill Orc Fire Elementalist)   Turns: 3959, Time: 00:06:05

Health: -1/38      AC:  3    Str: 11      XL:     5   Next: 16%
Magic:  0/16       EV: 12    Int: 15 (17) God:    Ashenzari [......]
Gold:   220        SH:  0    Dex: 11      Spells: 4/7 levels left

rFire   . . .      SeeInvis .    o - +1 dagger (venom)
rCold   . . .      Faith    .    (no shield)
rNeg    . . .      Spirit   +    a - +0 robe
rPois   .          Reflect  .    (no helmet)
rElec   .          Harm     .    (no cloak)
rCorr   .          Rampage  .    i - +0 pair of gloves
Will    .....                    (no boots)
Stlth   ++                       f - amulet of guardian spirit
HPRegen 0.26/turn                e - ring of magical power
MPRegen 0.15/turn                (no ring)

@: no status effects
A: no striking features
a: Renounce Religion, Convert to Beogh


You were on level 3 of the Dungeon.
You worshipped Ashenzari.
Ashenzari was noncommittal.
You visited 1 branch of the dungeon, and saw 3 of its levels.

You collected 220 gold pieces.

Inventory:

Hand Weapons
 o - a +1 dagger of venom (weapon)
Armour
 a - a +0 robe (worn)
 i - a +0 pair of gloves (worn)
Jewellery
 e - a ring of magical power (left hand)
 f - an amulet of guardian spirit (around neck)
Wands
 j - a wand of quicksilver (7)
Scrolls
 c - a scroll of torment
 d - a scroll of amnesia
 h - a scroll of enchant armour
 m - a scroll of teleportation
 n - a scroll of immolation {unknown}
Potions
 b - a potion of magic
 k - 2 potions of mutation {unknown}
 l - a potion of berserk rage {unknown}


   Skills:
 - Level 1.7 Dodging
 - Level 1.8 Stealth
 - Level 1.7 Spellcasting
 + Level 2.4 Conjurations
 * Level 5.3 Fire Magic


You had 4 spell levels left.
You knew the following spells:

 Your Spells              Type           Power      Damage    Failure   Level
a - Foxfire               Conj/Fire      48%        2x1d6     4%          1
b - Scorch                Fire           34%        2d7       4%          2

Your spell library contained the following spells:

 Spells                   Type           Power      Damage    Failure   Level
 Kiss of Death            Conj/Necr      16%        2d6       14%         1
 Inner Flame              Hex/Fire       9%         N/A       22%         3
 Kindle Blastsparks       Fire/Tloc/Air  12%        2d11      32%         3
 Flame Wave               Conj/Fire      12%        2d6       43%         4
 Confusing Touch          Hex            1%         N/A       56%         3
 Dispel Undead            Necr           1%         3d6       92%         4
 Fireball                 Conj/Fire      6%         3d5       78%         5
 Starburst                Conj/Fire      6%         6d4       100%        6


Dungeon Overview and Level Annotations

Branches:
Dungeon (3/15)

Altars:
Ashenzari
Elyvilon
Kikubaaqudgha
Xom

Annotations:
D:3 Terence


Message History

The orc priest hits you with a +0 dagger.
Your foxfire dissipates!
The foxfire hits Terence but does no damage.
The orc priest attacks as you move away!
The orc priest completely misses you.
The orc priest attacks as you move away!
The orc priest closely misses you.
Casting: Foxfire (safe; 4% risk of failure)
Confirm with . or Enter, or press ? or * to list all spells.
Flames lash Terence.
Terence is moderately wounded.
Terence's fire resistance burns away.
The orc priest casts a cantrip, but nothing happens.
The orc priest attacks as you move away!
The orc priest hits you but does no damage.
Terence says, "Did you write a will?
You should..."
The orc priest attacks as you move away!
The orc priest hits you with a +0 dagger.
The orc priest looks encouraged for a moment.
The orc priest calls down the wrath of Beogh upon you.
Beogh smites you!
Casting: Scorch (safe; 4% risk of failure)
Confirm with . or Enter, or press ? or * to list all spells.
You conjure some foxfire!
The orc priest miscasts a cantrip.
The foxfire hits the orc priest.
The orc priest is severely wounded.
The foxfire hits the orc priest but does no damage.
The orc priest is severely wounded.
Casting: Foxfire (safe; 4% risk of failure)
Confirm with . or Enter, or press ? or * to list all spells.
You don't know that spell.
The orc priest calls down the wrath of Beogh upon you.
Pain shoots through your body!
Casting: Foxfire (safe; 4% risk of failure)
Confirm with . or Enter, or press ? or * to list all spells.
You conjure some foxfire!
The orc priest mumbles some strange prayers to Beogh against you.
Beogh smites you!
You die...

.....#####............... #.#
##..[### #o..#.........# ##.#
.##....# #.#.##........## #..#
.....#.###g#............# #..#
.#...#....@####....<....###..#
.#.#.####..# ##.........##..#
...#..###o.#####....[.#......##
##........o@o..#vv....#...#...#
.....#.###.###..@.....#.#.##..##
........##.#######......#.##...#
####.(...........#....)...##...##
......>..........##.......####..#
....................#.....# #...
#............†............## #.#.
#................###.......# #.#.
#................# #.......###...
#................######.........#


You could see Terence, an orc priest (ally target) and 2 orcs.

Vanquished Creatures
  An orc priest (D:3)
  Ijyb (D:3)
  2 adders (D:2)
  A worm (D:2)
  2 dart slugs
  An orc (D:3)
  5 bats
  A bat zombie (D:3)
  7 endoplasms
  2 giant cockroaches
  7 goblins
  4 hobgoblins
  4 kobolds
  2 quokkas
  8 ball pythons
  2 frilled lizards (D:1)
  3 rats
53 creatures vanquished.

Vanquished Creatures (others)
  248 foxfires
248 creatures vanquished.

Grand Total: 301 creatures vanquished

Notes
Turn   | Place    | Note
-------+----------+-------------------------------------------
     0 | D:1      | Crownlay the Hill Orc Fire Elementalist began the quest for
                  | the Orb.
     0 | D:1      | Reached XP level 1. HP: 14/14 MP: 3/3
   251 | D:1      | Reached XP level 2. HP: 20/20 MP: 1/4
  1109 | D:1      | Reached XP level 3. HP: 25/26 MP: 1/5
  1237 | D:1      | Reached skill level 4 in Fire Magic
  1671 | D:2      | Learned a level 2 spell: Scorch
  2736 | D:2      | Reached XP level 4. HP: 13/33 MP: 0/6
  2838 | D:2      | Found a faded altar of an unknown god.
  3010 | D:3      | Noticed Ijyb
  3095 | D:3      | Killed Ijyb
  3430 | D:3      | Reached skill level 5 in Fire Magic
  3489 | D:3      | Found an ancient bone altar of Kikubaaqudgha.
  3604 | D:3      | Noticed Terence
  3610 | D:3      | Reached XP level 5. HP: 28/38 MP: 0/7
  3697 | D:3      | Found a white marble altar of Elyvilon.
  3697 | D:3      | Found a shimmering altar of Xom.
  3697 | D:3      | Found a broken altar of Ashenzari.
  3748 | D:3      | Became a worshipper of Ashenzari the Shackled
  3959 | D:3      | Killed from afar by an orc priest

Illustrated notes

Levels and vault maps discovered:
D:1:      tarquinn_simple_flora_water_f, layout_loops_corners, glass_columns_a,
          hangedman_decor_riveting
D:2:      layout_loops_ring, shapermc_ecumenical_altar_pompeii,
          grunt_decor_arrowhead
D:3:      layout_rooms, chequers_temple_overflow_statue_of_worship,
          lemuel_zombie_altar_kikubaaqudgha, uniq_ijyb, uniq_terence

Skill      XL: |  1  2  3  4 |
---------------+-------------+-----
Fire Magic     | 4 5 |  5.3
Conjurations   | 2 |  2.4
Dodging        | |  1.7
Stealth        | |  1.8
Spellcasting   | |  1.7

Action                     |  1- 3 |  4- 6 || total
---------------------------+-------+-------++-------
  Melee: Unarmed           |     6 |       ||     6
         Short sword       |     2 |       ||     2
         Whip              |    39 |    21 ||    60
         Punch             |     1 |       ||     1
         Dagger            |       |     1 ||     1
   Cast: Foxfire           |   100 |    59 ||   159
         Scorch            |       |     3 ||     3
    Use: Scroll            |     3 |     1 ||     4
         Potion            |     2 |       ||     2
 Armour: Robe              |    14 |     3 ||    17
  Dodge: Dodged            |    49 |    21 ||    70

Table legend: (Time is in decaauts)
 A = Elapsed time spent in this place.
 B = Non-inter-level travel time spent in this place.
 C = Inter-level travel time spent in this place.
 D = Time resting spent in this place.
 E = Time spent auto-exploring this place.
 F = Levels seen in this place.
 G = Mean time per level.
                   A        B        C        D        E       F      G
               +--------+--------+--------+--------+--------+-----+--------+
         Total |   3964 |   3863 |    101 |    109 |   3222 |   3 | 1321.3 |
       Dungeon |   3964 |   3863 |    101 |    109 |   3222 |   3 | 1321.3 |
               +--------+--------+--------+--------+--------+-----+--------+

Top non-repeatable levels by time:
     D:1: 1648 daAuts
     D:2: 1499 daAuts
     D:3: 817 daAuts
